 Dungeon Crawl Stone Soup version 0.30.1-11-g7821555f0a (webtiles) character file.

Game seed: 14446593388968537370

35 Bigguns186 the Trooper (level 3, -11/40 HPs)
             Began as an Ogre Berserker on Jan 11, 2024.
             Was a Believer of Trog.
             Killed by nerve-wracking pain
             ... invoked by Grinder
              (14 damage)
             ... on level 3 of the Dungeon.
             The game lasted 00:21:14 (1225 turns).

Bigguns186 the Trooper (Ogre Berserker)             Turns: 1225, Time: 00:21:14

Health: -11/40     AC:  3    Str: 23    XL:     3   Next: 35%
Magic:  3/3        EV: 10    Int:  8    God:    Trog [**....]
Gold:   42         SH:  0    Dex:  8    Spells: 2/2 levels left

rFire   . . .        q - +0 halberd
rCold   . . .        (shield currently unavailable)
rNeg    . . .        e - +0 robe
rPois   .            (helmet restricted)
rElec   .            (no cloak)
rCorr   .            (gloves unavailable)
SInv    .            (boots unavailable)
Will    .....        (no amulet)
Stlth   +            u - ring of flight
HPRegen 0.26/turn    (no ring)
MPRegen 0.08/turn

%: no passive effects
@: flying
A: large, unfitting armour, tough skin 1
a: Renounce Religion, Berserk, Trog's Hand


You were on level 3 of the Dungeon.
You worshipped Trog.
Trog was pleased with you.
You visited 1 branch of the dungeon, and saw 3 of its levels.

You collected 42 gold pieces.

Inventory:

Hand Weapons
 a - a +0 mace
 d - a +0 club
 f - a +0 club
 g - a +0 dagger
 j - a +0 dagger
 l - a +1 heavy hand axe
 n - a +0 short sword
 q - a +0 halberd (weapon)
 r - a +0 falchion
 s - a +0 whip
 t - a +0 whip
Missiles
 h - 2 poisoned darts (quivered)
 o - 12 stones
Armour
 b - a +0 animal skin
 e - a +0 robe (worn)
Jewellery
 u - a ring of flight (left hand)
Scrolls
 c - 2 scrolls of identify
 m - 2 scrolls of enchant armour
Potions
 i - 2 potions of curing {unknown}
 k - 2 potions of attraction {unknown}
 p - a potion of ambrosia {unknown}


   Skills:
 + Level 4.4 Fighting
 + Level 0.1(2.0) Axes
 + Level 3.1 Maces & Flails
 + Level 0.1 Polearms
 + Level 3.2 Dodging
 + Level 0.1 Stealth


You had 2 spell levels left.
You didn't know any spells.
Your spell library contained the following spells:

 Spells                   Type           Power      Damage    Failure   Level
 Portal Projectile        Hex/Tloc       0%         N/A       78%         3
 Tukima's Dance           Hex            0%         N/A       78%         3
 Blade Hands              Tmut           0%         N/A       100%        5


Dungeon Overview and Level Annotations

Branches:
Dungeon (3/15)

Altars:

Annotations:
D:3 Grinder


Innate Abilities, Weirdness & Mutations

You are too large for most types of armour.
You have tough skin. (AC +1)


Message History

* * * LOW HITPOINT WARNING * * *
The ball python bites you.
* * * LOW HITPOINT WARNING * * *
You barely miss the ball python. The ball python barely misses you.
The ball python closely misses you.
You closely miss the ball python. The ball python closely misses you.
The ball python barely misses you.
You barely miss the ball python. The ball python closely misses you.
The ball python bites you but does no damage.
You puncture the ball python!
You kill the ball python!
Trog accepts your kill.
Grinder comes into view.
An adder comes into view.
Grinder gestures at you. You resist with significant effort.
Grinder blinks!
The adder barely misses you. The adder attacks as you move away!
The adder bites you.
* * * LOW HITPOINT WARNING * * *
You are poisoned.
The adder poisons you!
You feel sick.
You feel sick. The adder closely misses you.
The adder attacks as you move away! The adder bites you but does no damage.
You feel sick.
You feel sick. The adder closely misses you.
The adder attacks as you move away! The adder bites you.
* * * LOW HITPOINT WARNING * * *
You feel sick.
You are no longer poisoned.
Found a pair of gloves.
Grinder blinks!
The adder closely misses you.
Found a sling.
The adder bites you.
* * * LOW HITPOINT WARNING * * *
The adder bites you but does no damage.
You see here 8 gold pieces.
The adder attacks as you move away! The adder barely misses you.
Grinder gestures at you. Pain shoots through your body!
You die...

#..<..## ##.#.#
####...
#......###....##...
..#
#...)...#..........
.#
#..................
#..................
######.............
#.............
#...5.........
#..@S.........
#.#...........
#..#.....##...
..[......### ###
#.........#
#..........
#.........##
#...).....#


You could see Grinder and an adder.

Vanquished Creatures
  A dart slug (D:2)
  5 ball pythons
  2 bats
  3 endoplasms
  2 giant cockroaches (D:1)
  A hobgoblin (D:3)
  2 jackals (D:1)
  5 kobolds
  A quokka (D:1)
  3 frilled lizards
  4 goblins (D:1)
  3 rats
32 creatures vanquished.

Notes
Turn   | Place    | Note
-------+----------+-------------------------------------------
     0 | D:1      | Bigguns186 the Ogre Berserker began the quest for the Orb.
     0 | D:1      | Reached XP level 1. HP: 24/24 MP: 1/1
   197 | D:1      | Reached XP level 2. HP: 20/32 MP: 2/2
   662 | D:2      | Reached XP level 3. HP: 34/40 MP: 3/3
   939 | D:2      | Reached ** piety under Trog
  1177 | D:3      | HP: 2/40 [ball python (2)]
  1204 | D:3      | Noticed Grinder
  1222 | D:3      | HP: 2/40 [adder (2)]
  1225 | D:3      | Killed from afar by Grinder

Illustrated notes

Levels and vault maps discovered:
D:1:      reono_arrival_forest_river, layout_basic
D:2:      layout_loops_ring, minmay_diced_spiral
D:3:      layout_rooms, minmay_fractal_squares_gapless_5, uniq_grinder

Skill      XL: |  1  2 |
---------------+-------+-----
Maces & Flails | 3 |  3.1
Dodging        | 3 |  3.2
Fighting       | |  4.4
Axes           | |  0.1
Polearms       | |  0.1
Stealth        | |  0.1

Action                     || total
---------------------------++-------
  Melee: Club              ||    14
         Mace              ||    14
         Punch             ||     1
         Hand axe          ||    16
         Halberd           ||    62
    Use: Scroll            ||     2
 Armour: Robe              ||   112
         Animal skin       ||     1
  Dodge: Dodged            ||   169
